 Dungeon Crawl Stone Soup version 0.17.0-1-g61d176b (webtiles) character file.

125 duckspeaker the Shooter (level 4, 0/29 HPs)
             Began as a High Elf Hunter on Nov 7, 2015.
             Succumbed to an orc's poison
             ... on level 3 of the Dungeon.
             The game lasted 00:29:33 (2606 turns).

duckspeaker the Shooter (High Elf Hunter)           Turns: 2606, Time: 00:29:33

Health: 0/29       AC:  9    Str: 11      XL:     4   Next: 82%
Magic:  5/5        EV: 16    Int: 15      God:
Gold:   127        SH:  0    Dex: 17 (21) Spells: 0 memorised, 3 levels left

rFire  . . .     SeeInvis .     c - +0 short sword
rCold  + + .     Clarity  .     u - +2 ring mail {rC+}
rNeg   . . .     SustAt   .     (no shield)
rPois  .         Gourm    .     (no helmet)
rElec  .         Spirit   .     (no cloak)
rCorr  .         Warding  .     P - +0 pair of gloves
rMut   .         Stasis   .     z - +0 pair of boots
MR     .....                    (no amulet)
Stlth  ++........               (no ring)
                                l - ring of protection from cold

@: agile, lethally poisoned (0 -> -25), not resistant to hostile enchantments,
unstealthy
A: no striking features
a: no special abilities


You were on level 3 of the Dungeon.
You were not hungry.

You visited 1 branch of the dungeon, and saw 4 of its levels.

You collected 127 gold pieces.

Inventory:

Hand Weapons
 a - a +1 shortbow
 c - a +0 short sword (weapon)
 i - a +0 short sword
 m - a +0 hunting sling
 o - a +0 club
 p - a +0 club
 q - a +0 club
 v - a cursed +0 dagger
 E - a +0 club
 F - a +0 hunting sling
 J - a +0 club
Missiles
 f - 12 poisoned bolts
 j - 18 bolts
 G - 8 tomahawks (quivered)
Armour
 d - a +0 leather armour
 h - a +0 chain mail
 k - a +0 scale mail
 r - a +0 ring mail
 t - a +0 leather armour
 u - a +2 ring mail of cold resistance (worn)
 w - a +0 robe
 y - a +0 chain mail
 z - a +0 pair of boots (worn)
 B - a +0 ring mail
 C - a +0 robe
 H - a +0 plate armour
 P - a +0 pair of gloves (worn)
Jewellery
 l - a ring of protection from cold (left hand)
Scrolls
 g - a scroll of enchant armour
 n - 2 scrolls of identify {unknown}
 A - 2 scrolls of blinking {unknown}
 I - a scroll of teleportation {unknown}
Potions
 x - a potion of poison {unknown}
 K - a potion of curing {unknown}
 L - a potion of degeneration
 M - a potion of magic
 O - a potion of flight {unknown}
Comestibles
 e - 4 bread rations
 s - 2 fruits
 N - a beef jerky
 Q - 3 chunks of flesh


   Skills:
 + Level 2.2 Fighting
 + Level 7.4 Bows
 + Level 1.3 Armour
 + Level 2.5 Dodging
 + Level 1.3 Stealth


You had 3 spell levels left.
You didn't know any spells.

Dungeon Overview and Level Annotations

Branches:
Dungeon (4/15)
 Temple: D:4-7

Altars:
Elyvilon

Annotations:
D:1 1 runed door


Message History

You miss the adder.
The adder is heavily wounded.
* * * LOW HITPOINT WARNING * * *
You feel sick.
The orc hits you with a dagger of venom.
* * * LOW HITPOINT WARNING * * *
You are more poisoned.
The adder bites you but does no damage. The orc misses you.
The orc completely misses you. The orc misses you.
It was a potion of degeneration.
There was something very wrong with that liquid.
You feel clumsy.
* * * LOW HITPOINT WARNING * * *
You feel sick. The adder closely misses you. The orc barely misses you.
The orc hits you with a short sword.
* * * LOW HITPOINT WARNING * * *
The orc closely misses you. The orc barely misses you.
The adder closely misses you.
It was a potion of magic.
Magic courses through your body.
You die...

.......).....# #...#.....#.#
...#.........# #......)....#
.............######...(##.#...#
.....###.#..P.#...##.#.##....##
####.##....P≈........#.###...#
#.#.PP≈≈≈≈P.......#......##
#.P≈≈P≈≈P≈≈.......##...#.#
##PP♣♣♣♣♣≈≈≈.............# ##
#P≈♣ ♣≈≈Po@o..........# ##.
#.≈♣♣♣♣♣♣≈PoSo.##.....#####..
#.≈≈♣≈≈≈≈P≈..........## #...
..P≈P≈P≈P....###..#..####...
..≈P≈.......................
.##.P.....<..#.#.##.........
#...........#..#....###..
...........####.#(#..# ##.
.....##..(## #.#.#..#####


You could see an adder and 4 orcs.

Vanquished Creatures
  Jessica (D:2)
  3 adders
  3 oozes
  7 orcs (D:3)
  7 bats
  5 giant cockroaches
  6 hobgoblins
  4 jackals (D:2)
  A giant newt (D:3)
  8 goblins
  4 kobolds
  A quokka (D:3)
  2 rats (D:1)
52 creatures vanquished.

Notes
Turn   | Place    | Note
--------------------------------------------------------------
     0 | D:1      | duckspeaker the High Elf Hunter began the quest for the Orb.
     0 | D:1      | Reached XP level 1. HP: 14/14 MP: 2/2
     4 | D:1      | Found a runed door.
     6 | D:1      | Noticed a jelly
   347 | D:1      | Reached XP level 2. HP: 19/19 MP: 3/3
   455 | D:1      | Reached skill level 6 in Bows
   736 | D:2      | Reached XP level 3. HP: 12/24 MP: 4/4
  1009 | D:2      | Noticed Jessica
  1014 | D:2      | Killed Jessica
  1014 | D:2      | Reached skill level 7 in Bows
  1161 | D:2      | Reached XP level 4. HP: 29/29 MP: 5/5
  1689 | D:3      | Reached skill level 1 in Armour
  1960 | D:3      | Found a white marble altar of Elyvilon.
  2373 | D:4      | Noticed an ogre
  2606 | D:3      | Succumbed to an orc's poison

Action                   |  1- 3 |  4- 6 || total
-------------------------+-------+-------++-------
Melee: Shortbow          |       |    24 ||    24
       Short sword       |       |    14 ||    14
 Fire: Shortbow          |    79 |    88 ||   167
Throw: Tomahawk          |       |     2 ||     2
  Use: Potion            |       |     3 ||     3
       Scroll            |       |     1 ||     1
  Eat: Chunk             |     1 |     3 ||     4
       Fruit             |       |     1 ||     1
